 Dungeon Crawl Stone Soup version 0.27-a0-909-g0721f309d1 (webtiles) character file.

Game seed: 7068135624673590607

318 Alarkh the Insei (level 6, 31/48 HPs)
             Began as a Demonspawn Gladiator on Apr 8, 2021.
             Got out of the dungeon alive.
             The game lasted 00:02:48 (3002 turns).

Alarkh the Insei (Demonspawn Gladiator)             Turns: 3002, Time: 00:02:49

Health: 31/48      AC: 12    Str: 14    XL:     6   Next: 21%
Magic:  6/6        EV: 13    Int: 11    God:
Gold:   117        SH:  0    Dex: 21    Spells: 5/5 levels left

rFire    . . .     SeeInvis +     - Unarmed
rCold    . . .     Faith    .   (no shield)
rNeg     . . .     Spirit   .   a - +0 leather armour
rPois    .         Reflect  .   b - +0 helmet
rElec    .         Harm     .   j - +1 cloak
rCorr    .         Rampage  .   (no gloves)
Will     .....                  (no boots)
Stlth    ++........             (no amulet)
HPRegen  0.16/turn              q - +6 ring of dexterity
MPRegen  0.10/turn              l - ring of see invisible

@: sanguine armoured
A: claws 2, foul stench 1, sanguine armour 1
a: no special abilities


You escaped.
You visited 1 branch of the dungeon, and saw 4 of its levels.

You collected 117 gold pieces.

Inventory:

Missiles
 c - 2 throwing nets (quivered)
 e - 3 atropa-tipped darts
 p - 4 poisoned darts
Armour
 a - a +0 leather armour (worn)
 b - a +0 helmet (worn)
 j - a +1 cloak (worn)
Magical Staves
 r - a staff of death
Jewellery
 l - a ring of see invisible (right claw)
 q - a +6 ring of dexterity (left claw)
Wands
 s - a wand of charming (9)
Scrolls
 f - a scroll of silence {unknown}
 g - a scroll of identify {unknown}
 h - 2 scrolls of noise
 i - a scroll of torment {unknown}
 k - a scroll of summoning {unknown}
 m - 2 scrolls of immolation {unknown}
 n - a scroll of fear {unknown}


   Skills:
 + Level 4.0 Fighting
 - Level 1.7 Throwing
 - Level 2.6 Dodging
 * Level 5.4 Unarmed Combat


You had 5 spell levels left.
You didn't know any spells.
Your spell library contained the following spells:

 Spells                   Type           Power      Damage    Failure   Level
 Confusing Touch          Hex            0%         N/A       80%         3
 Gell's Gravitas          Tloc           0%         N/A       80%         3
 Petrify                  Tmut/Erth      0%         N/A       99%         4
 Metabolic Englaciation   Hex/Ice        0%         N/A       100%        5
 Yara's Violent Unravell  Hex/Tmut       0%         3d3       100%        5


Dungeon Overview and Level Annotations

Branches:
Dungeon (4/15)
 Temple: D:4-7

Altars:

Shops:
D:3 (


Innate Abilities, Weirdness & Mutations

You have very sharp fingernails.
You may rarely emit foul miasma when damaged in melee.
When seriously injured, your bleeding wounds create armour. (AC +6)


Message History

You feel very sick.
The scorpion is engulfed in dark miasma.
The scorpion looks even sicker.
The scorpion seems to slow down.
You kill the scorpion!
Your Fighting skill increases to level 4!
You have reached level 6!
Your experience leads to an increase in your attributes!
Your base attributes are Str 14, Int 10, Dex 15.
Increase (S)trength, (I)ntelligence, or (D)exterity?
You feel clever.
Your demonic ancestry asserts itself...
You feel your blood ready itself to protect you.
You feel much better.
You feel very sick.
(D) Dungeon
Where to? (Enter - D:4, ? - help)
What level of the Dungeon? (default 1, ? - help)
Your blood congeals into armour.
You feel very sick.
You feel very sick.
You feel sick.
You feel sick.
You feel sick.
You feel sick.
There is a stone staircase leading up here.
You feel sick.
You climb upwards.
You feel sick.
There is a stone staircase leading down here.
You feel sick.
You are no longer poisoned.
There is a stone staircase leading up here.
You climb upwards.
There is a stone staircase leading down here.
There is a stone staircase leading up here.
You climb upwards.
There is a stone staircase leading down here.
You feel less attractive to monsters.
There is a stone staircase leading down here.
There is a staircase leading out of the dungeon here.
Are you sure you want to leave the Dungeon?
This will make you lose the game!
You have escaped!

.#...#..###### #.......#
# .##.##.## #.......# #
.......#
#.......########
.......####
#####...........
..........##
###########.
#########..# ##. ##.##
##### #.. #..# #...#
##########..
##.###.@.####...........
#.##....#.##.###..###..
#.##.####.##.##........
#.##......##.##........
#......##..............
#......##....##.#.#....
#............##.#.#...#
#..#######......#...>..
#### ##############


There were no monsters in sight!

Vanquished Creatures
  Sigmund (D:2)
  A scorpion (D:4)
  2 adders
  3 worms
  2 dart slugs
  2 orcs (D:3)
  7 ball pythons
  A bat (D:1)
  7 endoplasms
  2 giant cockroaches
  3 hobgoblins
  10 jackals
  3 kobolds
  4 quokkas
  5 frilled lizards
  6 goblins
  4 rats
63 creatures vanquished.

Notes
Turn   | Place    | Note
-------+----------+-------------------------------------------
     0 | D:1      | Alarkh the Demonspawn Gladiator began the quest for the
                  | Orb.
     0 | D:1      | Reached XP level 1. HP: 16/16 MP: 1/1
    24 | D:1      | Found a faded altar of an unknown god.
    57 | D:1      | Reached skill level 3 in Unarmed Combat
   166 | D:1      | Gained mutation: You have sharp fingernails. [demonic
                  | ancestry]
   166 | D:1      | Reached XP level 2. HP: 19/22 MP: 2/2
  1009 | D:2      | Reached XP level 3. HP: 25/28 MP: 3/3
  1435 | D:2      | Noticed Sigmund
  1528 | D:2      | Killed Sigmund
  1529 | D:2      | Reached skill level 4 in Unarmed Combat
  1529 | D:2      | Gained mutation: You have very sharp fingernails. [demonic
                  | ancestry]
  1529 | D:2      | Reached XP level 4. HP: 6/36 MP: 4/4
  1529 | D:2      | Gained mutation: You may rarely emit foul miasma when
                  | damaged in melee. [demonic ancestry]
  1529 | D:2      | Reached XP level 5. HP: 7/41 MP: 5/5
  1784 | D:2      | Reached skill level 5 in Unarmed Combat
  2614 | D:3      | Found Rogeg's Weapon Emporium.
  2930 | D:4      | Gained mutation: When seriously injured, your bleeding
                  | wounds create armour. (AC +6) [demonic ancestry]
  2930 | D:4      | Reached XP level 6. HP: 17/48 MP: 6/6
  3002 | D:$      | Got out of the dungeon alive.

Illustrated notes

Levels and vault maps discovered:
D:1:      amcnicky_arrival_single_pillar, layout_basic,
          ebering_ecumenical_altar_box
D:2:      minmay_chambers_of_ones, layout_basic, uniq_sigmund
D:3:      layout_basic, serial_shops, nicolae_shop_crystal
D:4:      layout_cave_pools, minmay_misc_feat_roman

Skill      XL: |  1  2  3  4  5 |
---------------+----------------+-----
Unarmed Combat | 3 4 5 |  5.4
Fighting       | 3 4 |  4.0
Throwing       | |  1.7
Dodging        | |  2.6

Action                   |  1- 3 |  4- 6 || total
-------------------------+-------+-------++-------
Melee: Unarmed           |    97 |    76 ||   173
       Punch             |     2 |     4 ||     6
Throw: Throwing net      |     1 |       ||     1
  Use: Scroll            |     1 |       ||     1
       Potion            |     3 |     2 ||     5
 Stab: Sleeping          |     2 |       ||     2
Armor: Leather armour    |    25 |    20 ||    45
Dodge: Dodged            |    51 |    34 ||    85

Table legend: (Time is in decaauts)
 A = Elapsed time spent in this place.
 B = Non-inter-level travel time spent in this place.
 C = Inter-level travel time spent in this place.
 D = Time resting spent in this place.
 E = Time spent auto-exploring this place.
 F = Levels seen in this place.
 G = Mean time per level.
                   A        B        C        D        E       F      G
               +--------+--------+--------+--------+--------+-----+--------+
         Total |   2989 |   2737 |    252 |      0 |   2287 |   4 |  747.2 |
       Dungeon |   2989 |   2737 |    252 |      0 |   2287 |   4 |  747.2 |
               +--------+--------+--------+--------+--------+-----+--------+

Top non-repeatable levels by time:
     D:2: 1570 daAuts
     D:1: 1019 daAuts
     D:3: 296 daAuts
     D:4: 103 daAuts
